 Dungeon Crawl Stone Soup version 0.27.1-34-g3ba077fa99 (webtiles) character file.

Game seed: 14704987252902029423

995 raph the Digger (level 7, -4/39 HPs)
             Began as a Deep Elf Earth Elementalist on Jan 3, 2022.
             Was an Initiate of Sif Muna.
             Slain by an orc warrior (19 damage)
             ... on level 6 of the Dungeon.
             The game lasted 00:11:01 (7607 turns).

raph the Digger (Deep Elf Earth Elementalist)       Turns: 7607, Time: 00:11:01

Health: -4/39      AC:  8    Str:  9    XL:     7   Next: 99%
Magic:  0/13       EV: 13    Int: 22    God:    Sif Muna [......]
Gold:   70         SH:  6    Dex: 15    Spells: 2/12 levels left

rFire    + . .     SeeInvis .   o - +1 dagger (drain)
rCold    + . .     Faith    .   i - +1 buckler
rNeg     . . .     Spirit   .   n - +2 robe {rC+}
rPois    .         Reflect  .   d - +0 helmet
rElec    .         Harm     .   v - +2 cloak
rCorr    .         Rampage  .   (no gloves)
Will     ++...                  (no boots)
Stlth    +++.......             (no amulet)
HPRegen  0.13/turn              b - ring "Woth" {rF+ Will+ Str+4}
MPRegen  0.13/turn              t - ring of willpower

@: no status effects
A: no striking features
a: Renounce Religion


You were on level 6 of the Dungeon.
You worshipped Sif Muna.
Sif Muna was noncommittal.
You visited 2 branches of the dungeon, and saw 7 of its levels.

You collected 284 gold pieces.
You spent 214 gold pieces at shops.

Inventory:

Hand Weapons
 a - a +1 short sword
 o - a +1 dagger of draining (weapon)
Missiles
 c - 66 stones
Armour
 d - a +0 helmet (worn)
 i - a +1 buckler (worn)
 n - a +2 robe of cold resistance (worn)
 q - a scarf of resistance
 s - a +0 pair of boots
 v - a +2 cloak (worn)
Jewellery
 b - the ring "Woth" (left hand) {rF+ Will+ Str+4}
   (You found it on level 5 of the Dungeon)

   [ring of protection from fire]

   Str:       It affects your strength (+4).
   rF:        It protects you from fire.
   Will:      It increases your willpower.
 t - a ring of willpower (right hand)
Scrolls
 j - 2 scrolls of identify
 u - a scroll of fog {unknown}
Potions
 e - 2 potions of invisibility
 f - 2 potions of lignification
 g - a potion of haste
 h - a potion of flight
 k - 2 potions of heal wounds
 l - 5 potions of curing
 m - 2 potions of might
 r - 2 potions of berserk rage


   Skills:
 + Level 1.7 Fighting
 + Level 3.9 Dodging
 + Level 4.1 Stealth
 - Level 4.0 Shields
 - Level 3.0 Spellcasting
 - Level 1.1 Transmutations
 + Level 7.6 Earth Magic


You had 2 spell levels left.
You knew the following spells:

 Your Spells              Type           Power      Damage    Failure   Level
a - Sandblast             Erth           74%        2d16      1%          1
b - Passwall              Tmut/Erth      18%        N/A       3%          2
c - Stone Arrow           Conj/Erth      40%        3d9       8%          3
d - Petrify               Tmut/Erth      22%        N/A       21%         4

Your spell library contained the following spells:

 Spells                   Type           Power      Damage    Failure   Level


Dungeon Overview and Level Annotations

Branches:
Dungeon (6/15)             Temple (1/1) D:5

Altars:
Ashenzari
Dithmenos
Elyvilon
Gozag
Hepliaklqana
Kikubaaqudgha
Makhleb
Nemelex Xobeh
Okawaru
Qazlal
Ru
Sif Muna
Trog
Uskayaw
Vehumet
Xom
Yredelemnul
Zin
The Shining One

Shops:
D:3 =   D:4 *


Message History

Aiming: Sandblast (safe; 1% risk of failure)
Press: ? - help, Q - select action, (/) - cycle Shift-Dir - straight line, f - orc warrior
Aim: an orc warrior, wielding a +0 long sword and wearing a +0 plate armour (82% to hit)
The blast of sand hits the orc warrior!
The orc warrior is heavily wounded.
Aiming: Sandblast (safe; 1% risk of failure)
Press: ? - help, Q - select action, (/) - cycle Shift-Dir - straight line, f/p - orc warrior
Aim: an orc warrior, wielding a +0 long sword and wearing a +0 plate armour (heavily wounded, 82% to hit)
The blast of sand misses the orc warrior.
Aiming: Sandblast (safe; 1% risk of failure)
Press: ? - help, Q - select action, (/) - cycle Shift-Dir - straight line, f/p - orc warrior
Aim: an orc warrior, wielding a +0 long sword and wearing a +0 plate armour (heavily wounded, 82% to hit)
The blast of sand hits the orc warrior but does no damage.
The orc warrior is heavily wounded.
The orc warrior hits you with a +0 long sword!
Aiming: Sandblast (safe; 1% risk of failure)
Press: ? - help, Q - select action, (/) - cycle Shift-Dir - straight line, f/p - orc warrior
Aim: an orc warrior, wielding a +0 long sword and wearing a +0 plate armour (heavily wounded, 82% to hit)
The blast of sand hits the orc warrior.
The orc warrior is heavily wounded.
The orc warrior closely misses you.
Aiming: Sandblast (safe; 1% risk of failure)
Press: ? - help, Q - select action, (/) - cycle Shift-Dir - straight line, f/p - orc warrior
Aim: an orc warrior, wielding a +0 long sword and wearing a +0 plate armour (heavily wounded, 82% to hit)
The blast of sand hits the orc warrior but does no damage.
The orc warrior is heavily wounded.
The orc warrior barely misses you.
Aiming: Sandblast (safe; 1% risk of failure)
Press: ? - help, Q - select action, (/) - cycle Shift-Dir - straight line, f/p - orc warrior
Aim: an orc warrior, wielding a +0 long sword and wearing a +0 plate armour (heavily wounded, 82% to hit)
The blast of sand hits the orc warrior!
The orc warrior is almost dead.
The orc warrior hits you with a +0 long sword!
Aiming: Sandblast (safe; 1% risk of failure)
Press: ? - help, Q - select action, (/) - cycle Shift-Dir - straight line, f/p - orc warrior
Aim: an orc warrior, wielding a +0 long sword and wearing a +0 plate armour (almost dead, 82% to hit)
The blast of sand hits the orc warrior but does no damage.
The orc warrior is almost dead.
The orc warrior hits you with a +0 long sword!!
You die...

##..#..≈# #≈.# #.#####
#...##.≈## #≈.#. #.#.##.≈≈#
##≈... . #...##[)≈# #≈≈.# #.#
##### #..####.≈###≈..#
....#.>.. ##.>#
#.≈≈#≈≈..####.#......
#...####..≈≈≈..<.......#....
####.....##.....##.####.#####..
#......#.####(@o...#.. ###...#
#.#..#.#.# ####).##.####...#.#
#.#....#.# ##).#.##...###.#
#.#..#.#.#### ##.....O######.
#.#.........# ##............
#........<..########.#####.####
###.........#........# #
#...........######.#
#.#.......### ##.#


You could see an orc warrior.

Vanquished Creatures
  A steam dragon (D:4)
  An orc warrior (D:6)
  An ogre (D:6)
  A phantom (D:5)
  3 scorpions
  An orc priest (D:4)
  Jessica (D:3)
  Natasha (thrice) (D:3)
  2 orc wizards
  A killer bee zombie (D:5)
  8 adders
  A white imp (D:6)
  2 ufetubi (D:5)
  2 adder skeletons
  A worm (D:2)
  6 dart slugs
  22 orcs
  6 endoplasms
  4 giant cockroaches
  6 goblins
  10 hobgoblins
  4 jackals (D:4)
  A kobold (D:1)
  4 quokkas
  7 ball pythons
  6 bats
  4 frilled lizards (D:1)
  6 rats
115 creatures vanquished.

Notes
Turn   | Place    | Note
-------+----------+-------------------------------------------
     0 | D:1      | raph the Deep Elf Earth Elementalist began the quest for
                  | the Orb.
     0 | D:1      | Reached XP level 1. HP: 10/10 MP: 6/6
   286 | D:1      | Reached XP level 2. HP: 15/15 MP: 4/8
   346 | D:1      | Learned a level 2 spell: Passwall
   416 | D:1      | Reached skill level 4 in Earth Magic
   910 | D:1      | Reached skill level 1 in Shields
  1183 | D:2      | Reached XP level 3. HP: 19/19 MP: 9/9
  1255 | D:2      | Learned a level 3 spell: Stone Arrow
  1709 | D:2      | Reached XP level 4. HP: 24/24 MP: 6/10
  2910 | D:3      | Noticed Natasha
  2911 | D:3      | Killed Natasha
  2944 | D:3      | Found Asiyrok's Jewellery Shop.
  3304 | D:3      | Noticed Jessica
  3306 | D:3      | Reached XP level 5. HP: 28/28 MP: 7/11
  3307 | D:3      | Killed Jessica
  3308 | D:3      | Reached skill level 5 in Earth Magic
  3501 | D:3      | Noticed Natasha
  3507 | D:3      | Killed Natasha
  3635 | D:3      | Noticed Natasha
  4003 | D:3      | Killed Natasha
  4100 | D:3      | Reached XP level 6. HP: 32/32 MP: 1/12
  4469 | D:4      | Reached skill level 6 in Earth Magic
  4875 | D:4      | Noticed a steam dragon
  4887 | D:4      | Killed a steam dragon
  4888 | D:4      | Reached skill level 7 in Earth Magic
  4888 | D:4      | Reached XP level 7. HP: 27/36 MP: 0/13
  5086 | D:4      | Found Amiwil's Neck Hole.
  5385 | D:4      | Learned a level 4 spell: Petrify
  5443 | D:5      | Entered Level 5 of the Dungeon
  5713 | D:5      | Identified the ring "Woth" {rF+ Will+ Str+4}
  5915 | D:5      | Found a staircase to the Ecumenical Temple.
  5945 | Temple   | Entered the Ecumenical Temple
  6155 | Temple   | Became a worshipper of Sif Muna the Loreminder
  6589 | D:5      | Reached skill level 1 in Fighting
  6982 | D:6      | Found a white marble altar of Elyvilon.
  6983 | D:6      | Found a glowing silver altar of Zin.
  6984 | D:6      | Found a glowing golden altar of the Shining One.
  7481 | D:4      | Bought a +2 cloak for 214 gold pieces
  7607 | D:6      | Slain by an orc warrior

Illustrated notes

Levels and vault maps discovered:
D:1:      dpeg_arrival_pits, layout_basic, minmay_misc_feat_encased,
          lemuel_old_faithful
D:2:      layout_basic, hangedman_decor_clover_reticule
D:3:      layout_basic, serial_shops, nicolae_shop_statue_plus, minivault_14,
          uniq_jessica, uniq_natasha
D:4:      layout_rooms, st_stairs_13, skrybe_limestone_x,
          nicolae_shop_sticking_my_neck_out
D:5:      layout_basic, minmay_temple_entry_ruins
D:6:      layout_loops_cross, good_gods_temple_1,
          chequers_temple_overflow_statue_of_worship, minmay_manual_mullet
Temple:   eino_temple_rhombus

Skill      XL: |  1  2  3  4  5  6  7 |
---------------+----------------------+-----
Earth Magic    | 4 5 7 |  7.6
Shields        | 1 2 3 4 |  4.0
Fighting       | 1 |  1.7
Dodging        | 3 |  3.9
Stealth        | 4 |  4.1
Spellcasting   | |  3.0
Transmutations | |  1.1

Action                   |  1- 3 |  4- 6 |  7- 9 || total
-------------------------+-------+-------+-------++-------
Melee: Short sword       |    33 |    14 |       ||    47
       Dagger            |       |       |    11 ||    11
Throw: Throwing net      |       |       |     1 ||     1
 Cast: Sandblast         |    27 |    28 |    38 ||    93
       Stone Arrow       |     4 |    41 |    21 ||    66
  Use: Scroll            |     7 |     6 |     2 ||    15
 Stab: Sleeping          |     7 |     1 |       ||     8
Armor: Robe              |    12 |    13 |     4 ||    29
Dodge: Dodged            |    19 |    25 |    10 ||    54
Block: Buckler           |     2 |    13 |     9 ||    24
